Map: Acropolis LE

Players

Nerchio - Winner!

  • Race: Zerg Zerg
  • Spawn Location: 5:00

SouLeer

  • Race: Zerg Zerg
  • Spawn Location: 11:00

Event: 2019 WCS Summer

VOD

Have the link to the VOD?

Description

Time

  • Played on: July 12, 2019, 6:33 a.m.
  • Length: 8:34

All games in this series

Show
View Real Time Build Order
Export as new Build Order

Nerchio Zerg - Winner!

Build Orders: Hatch First, Zergling Baneling 

Get SALT Encoding   

  12  0:00  Drone  
  13  0:12  Overlord  
  13  0:17  Drone  
  14  0:30  Drone x2  
  14  0:34  Drone  
  17  0:51  Hatchery  
  17  0:55  Drone  
  17  0:59  Drone  
  17  1:02  Extractor  
  17  1:13  Spawning Pool  
  17  1:16  Drone  
  17  1:20  Drone  
  18  1:27  Drone  
  19  1:38  Overlord  
  19  2:00  Queen  
  21  2:01  Metabolic Boost  
  21  2:03  Zergling x2, Queen  
  21  2:04  Zergling x2  
  25  2:14  Drone x3  
  28  2:22  Drone  
  29  2:25  Drone  
  30  2:42  Hatchery  
  30  2:43  Zergling x4  
  31  2:44  Zergling x2  
  32  2:52  Baneling Nest  
  31  2:59  Queen  
  31  3:03  Overlord  
  33  3:08  Zergling x4  
  34  3:23  Zergling x10  
  39  3:27  Drone x2  
  39  3:28  Drone  
  42  3:35  Zergling x2  
  42  3:39  Overlord  
  43  3:48  Drone x3  
  43  3:54  Overlord  
  44  3:55  Drone x2  
  44  3:57  Drone  
  44  3:59  Drone  
  44  4:01  Baneling x2  
  46  4:07  Evolution Chamber  
  45  4:11  Queen  
  45  4:14  Drone  
  45  4:15  Baneling  
  45  4:16  Baneling  
  48  4:21  Drone x2, Extractor  
  48  4:22  Baneling x2  
  49  4:25  Drone  
  49  4:26  Drone  
  49  4:28  Drone  
  49  4:30  Drone  
  52  4:33  Drone x2  
  52  4:35  Drone  
  55  4:38  Drone  
  55  4:39  Drone  
  57  4:49  Drone  
  57  4:50  Drone x5  
  60  4:53  Baneling x2  
  58  5:01  Zergling x12  
  61  5:09  Zergling x2  
  61  5:10  Zergling x8  
  65  5:18  Zergling x2  
  66  5:21  Baneling x2  
  66  5:23  Overlord x2  
  66  5:28  Baneling x3, Roach Warren  
  65  5:37  Baneling x2, Queen  
  65  5:41  Zergling x10, Queen  
  71  5:43  Zergling x2  
  71  5:45  Baneling  
  71  5:46  Baneling  
  71  5:49  Extractor  
  65  6:08  Roach  
  65  6:09  Roach x6  
  79  6:12  Queen  
  79  6:14  Overlord x2  
  79  6:27  Roach x2  
  79  6:29  Overlord  
  81  6:33  Lair  
  81  6:36  Roach x3  
  81  6:37  Extractor  
  81  6:38  Baneling  
  86  6:41  Drone  
  86  6:46  Drone x3  
  90  6:48  Drone  
  90  6:49  Drone  
  90  6:50  Evolution Chamber  
  91  6:54  Evolution Chamber  
  91  6:57  Drone x2  
  91  6:59  Drone, Evolution Chamber  
  92  7:08  Baneling x4  
  92  7:09  Baneling x5  
  92  7:17  Zergling x2  
  92  7:18  Zergling x10  
  92  7:21  Overlord x7  
  98  7:42  Extractor x2  
  98  7:43  Drone x11  
  106  7:48  Drone  
  107  7:53  Drone  
  107  7:54  Drone  
  109  8:01  Roach  
  109  8:03  Roach  
  109  8:05  Roach  
  113  8:08  Roach  
  113  8:12  Roach x4  
  117  8:13  Roach x2  
  117  8:16  Baneling  
  117  8:17  Baneling x5  
Show
View Real Time Build Order
Export as new Build Order

SouLeer Zerg 

Build Orders: Pool First 

Get SALT Encoding   

  12  0:01  Drone  
  13  0:13  Overlord  
  13  0:17  Drone  
  14  0:31  Drone  
  14  0:32  Drone  
  16  0:38  Drone  
  16  0:39  Extractor  
  16  0:47  Spawning Pool  
  15  0:51  Drone  
  16  0:57  Drone  
  17  1:18  Hatchery  
  16  1:23  Drone  
  17  1:34  Queen  
  17  1:39  Drone  
  20  1:42  Zergling x2  
  21  1:48  Metabolic Boost  
  21  1:55  Overlord  
  21  1:59  Drone  
  22  2:13  Queen  
  22  2:14  Drone  
  25  2:16  Drone  
  25  2:21  Evolution Chamber  
  25  2:23  Drone  
  26  2:30  Drone  
  26  2:34  Drone  
  28  2:41  Drone x2  
  28  2:44  Zergling x4  
  32  2:52  Zerg Ground Armor Level 1  
  32  2:54  Zergling x2  
  33  3:01  Zergling x4  
  35  3:12  Hatchery  
  35  3:16  Overlord  
  35  3:19  Zergling x2  
  35  3:22  Zergling x2  
  36  3:35  Zergling x2, Baneling Nest  
  36  3:36  Zergling x6  
  36  3:40  Zergling x4  
  41  3:45  Zergling x4  
  40  3:51  Zergling x6  
  40  3:53  Zergling x2  
  42  3:57  Zergling x4  
  42  4:02  Overlord  
  43  4:10  Hatchery  
  43  4:14  Zergling x2  
  43  4:18  Baneling x4  
  43  4:21  Zergling x2  
  44  4:25  Zergling x2  
  44  4:26  Zergling x2  
  44  4:33  Zergling x6  
  44  4:37  Zergling x2  
  41  4:39  Zergling x2  
  41  4:41  Zergling x2  
  43  4:46  Zergling x4  
  43  4:48  Zergling x2  
  44  4:53  Zergling x2  
  41  5:02  Zergling x4  
  41  5:06  Zergling x4  
  41  5:07  Zergling x2  
  43  5:13  Zergling x6  
  41  5:16  Zergling x2  
  41  5:18  Zergling x2  
  43  5:22  Zergling x2  
  43  5:26  Zerg Melee Weapons Level 1  
  43  5:28  Baneling  
  43  5:29  Baneling  
  43  5:30  Baneling  
  43  5:32  Baneling  
  43  5:34  Zergling x2  
  39  5:43  Zergling x6  
  39  5:48  Zergling x4  
  40  5:51  Zergling x2  
  40  5:56  Zergling x4  
  42  6:09  Zergling x10  
  46  6:13  Zergling x4  
  46  6:17  Zergling x2  
  49  6:21  Zergling x2  
  49  6:22  Zergling x2  
  49  6:27  Zergling x4  
  49  6:31  Zergling x4  
  44  6:43  Zergling x8  
  44  6:45  Zergling x2  
  44  6:46  Zergling x2  
  50  6:53  Zergling x2  
  52  6:55  Zergling x2  
  52  6:59  Zergling x2  
  54  7:02  Zergling x4  
  54  7:06  Zergling x4  
  57  7:12  Overlord  
  57  7:15  Zergling x2, Extractor  
  55  7:20  Overlord  
  56  7:24  Extractor  
  56  7:26  Zergling x4  
  56  7:29  Overlord  
  57  7:32  Zergling x2  
  57  7:36  Zergling x4  
  61  7:39  Zergling x2  
  61  7:44  Zergling x4  
  57  7:58  Zergling x2  
  57  7:59  Zergling x12  
  49  8:07  Zergling x6  
  49  8:12  Zergling x4  
  47  8:15  Zergling x4  
Tags
 
Add a new tag
Caveats
  • Supply blocks, unpowered buildings, or Contaminate may cause inaccurate times.
  • Supply counts are checked every 10 seconds.